 Dungeon Crawl Stone Soup version 0.16-a0-3722-g5e7e3b6 (webtiles) character file.

142 MackTheKnife the Grave Robber (level 5, -12/34 HPs)
             Began as an Octopode Wanderer on Jan 19, 2015.
             Mangled by an ice beast (13 damage)
             ... on level 2 of the Dungeon on Jan 21, 2015.
             The game lasted 00:09:05 (4202 turns).

MackTheKnife the Grave Robber (Octopode Wanderer)   Turns: 4202, Time: 00:09:05

Health: -12/34     AC:  1    Str: 16    XL:     5   Next: 25%
Magic:  11/11      EV: 11    Int: 15    God:
Gold:   150        SH:  0    Dex: 11    Spells: 2 memorised, 7 levels left

rFire  . . .     SeeInvis .     a - +2 mace
rCold  . . .     Clarity  .     (no shield)
rNeg   . . .     SustAb   .     (helmet restricted)
rPois  .         Gourm    .     (no amulet)
rElec  .         Spirit   .     (no ring)
rCorr  .         Warding  .     (no ring)
rMut   .         Stasis   .     (no ring)
MR     .....                    (no ring)
Stlth  +++.......               (no ring)
                                (no ring)
                                (no ring)
                                (no ring)

@: not resistant to hostile enchantments, fairly stealthy
A: almost no armour, amphibious, 8 rings, constrict 8, camouflage 1, breathe
flames 1, spit poison 1, strong 2, gelatinous body 1, MP-powered wands 1
a: Spit Poison, Breathe Fire


You were on level 2 of the Dungeon.
You were not hungry.

You visited 1 branch of the dungeon, and saw 4 of its levels.

You collected 150 gold pieces.


Innate Abilities, Weirdness & Mutations

You cannot wear most types of armour.
You are amphibious.
You can wear up to eight rings at the same time.
You can use your tentacles to constrict many enemies at once.
Your skin changes colour to match your surroundings (Stealth).
Your rubbery body absorbs attacks (AC +1).
You can breathe flames.
You can spit poison.
Your muscles are very strong. (Str +4)
You expend magic power (3 MP) to slightly strengthen your wands.


   Skills:
 - Level 2.0 Fighting
 - Level 3.0 Maces & Flails
 - Level 1.1 Throwing
 + Level 0.6 Dodging
 - Level 1.5 Stealth
 - Level 3.2 Spellcasting
 - Level 3.7 Necromancy


You had 7 spell levels left.
You knew the following spells:

 Your Spells              Type           Power        Failure   Level  Hunger
f - Corpse Rot            Necr           N/A          8%          2    ##.....
z - Pain                  Necr           ##..         4%          1    #......

Inventory:

Hand weapons
 a - a +2 mace (weapon)
Missiles
 d - 115 stones (quivered)
 j - 5 javelins
 m - 2 throwing nets
Scrolls
 n - a scroll of identify
Potions
 b - a potion of lignification {!q}
 e - a potion of brilliance
Books
 c - the Collected Works on Black Arts

   Spells                             Type                      Level
   a - Pain                           Necromancy                   1
   b - Corpse Rot                     Necromancy                   2
Comestibles
 f - 3 bread rations
 l - 5 meat rations

#.# #.##......# #.#.# ##.##
#.##.####.# #.#.# ....####.##.#
#.# #####.#.#### ............#
#.# #........... ##.##########
##.## #.###.###### ##.## #...##
#.# #.# #...##### #....###.# #.#
........#######Y....##.###.#
#...###.##.....#x#.#....##.##
##.####.##..<..#..###.......#####
......#.##.......## ##..###...8#8
##.##.#...........###...###..####
#.................#........'#.#.
#####.######.#####.........##..#.
......##.....# #.###..##8#.._#_
####..##.##### #.###..#########
#..##.# #........8#.._#_


You could see an ice beast.


Message History

There is a stone staircase leading down here.
There is a stone staircase leading up, spattered with blood here.
The ice beast hits you.
* * * LOW HITPOINT WARNING * * *
The ice beast freezes you!
* * * LOW HITPOINT WARNING * * *
You climb upwards.
There is a stone staircase leading down here.
Unknown command.
Unknown command.
Saving game... please wait.
Welcome back, MackTheKnife the Octopode Wanderer.
Read which item? (? for menu, Esc to quit)
Okay, then.
Drink which item? (? for menu, Esc to quit)
Okay, then.
Okay, then.
Unknown command.
Unknown command.
There is a stone staircase leading down here.
There is a stone staircase leading up here.
The ice beast hits you.
* * * LOW HITPOINT WARNING * * *
The ice beast freezes you!
* * * LOW HITPOINT WARNING * * *
There is a stone staircase leading up here.
The ice beast hits you.
* * * LOW HITPOINT WARNING * * *
The ice beast freezes you!
You die...

Action                   |  1- 3 |  4- 6 || total
-------------------------+-------+-------++-------
Melee: Mace              |    43 |    54 ||    97
 Cast: Pain              |     4 |     7 ||    11
 Abil: Breathe Fire      |     4 |    11 ||    15
       Spit Poison       |       |     1 ||     1
  Use: Potion            |     2 |     4 ||     6
       Scroll            |     1 |     5 ||     6
 Stab: Sleeping          |     3 |     4 ||     7
       Distracted        |       |     1 ||     1
  Eat: Chunk             |     2 |     8 ||    10
       Bread ration      |       |     1 ||     1

Vault maps used:
D:1:      dpeg_arrival_water_temple_mockup
D:2:      nicolae_overflow_quartered_altars
D:3:      first_bread
D:4:      minmay_temple_entry_junction, serial_shops, nicolae_shop_behind_doors

Notes
Turn   | Place    | Note
--------------------------------------------------------------
     0 | D:1      | MackTheKnife, the Octopode Wanderer, began the quest for the Orb.
     0 | D:1      | MackTheKnife set off with: a +2 mace, a potion of lignification {!q}, the Collected Works on Black Arts, a bread ration
     0 | D:1      | Reached XP level 1. HP: 14/14 MP: 2/2
     0 | D:1      | Identified the Collected Works on Black Arts
     2 | D:1      | Learned a level 1 spell: Pain
   261 | D:1      | Reached XP level 2. HP: 8/19 MP: 1/3
   434 | D:1      | Learned a level 2 spell: Corpse Rot
  1259 | D:2      | Found a bloodstained altar of Trog.
  1337 | D:2      | Gained mutation: Your muscles are strong. (Str +2) [potion of mutation]
  1337 | D:2      | Gained mutation: You expend magic power (3 MP) to slightly strengthen your wands. [potion of mutation]
  1337 | D:2      | Gained mutation: You can spit poison. [potion of mutation]
  1338 | D:2      | Gained mutation: Your muscles are very strong. (Str +4) [potion of mutation]
  1338 | D:2      | Gained mutation: You can breathe flames. [potion of mutation]
  1380 | D:2      | Reached skill level 2 in Spellcasting
  1636 | D:2      | Noticed a scorpion
  1654 | D:2      | Killed a scorpion
  1654 | D:2      | Reached skill level 3 in Necromancy
  1654 | D:2      | Reached XP level 3. HP: 24/24 MP: 4/6
  1654 | D:2      | Reached XP level 4. HP: 29/29 MP: 5/8
  1830 | D:2      | Found a sparkling altar of Nemelex Xobeh.
  1865 | D:2      | Found a snail-covered altar of Cheibriados.
  1882 | D:2      | Found an opulent altar of Gozag.
  2056 | D:3      | Noticed Furman's ghost (average DrBe)
  2555 | D:3      | Reached skill level 3 in Spellcasting
  2949 | D:3      | Reached XP level 5. HP: 26/34 MP: 11/11
  3858 | D:4      | Noticed an ice beast
  4072 | D:2      | Upgraded the game from 0.16-a0-3706-g5dff784 to 0.16-a0-3722-g5e7e3b6
  4202 | D:2      | HP: 1/34 [ice beast (4)]
  4202 | D:2      | Mangled by an ice beast

Vanquished Creatures
  A scorpion (D:2)
  A worker ant zombie (D:3)
  3 worms
  2 adders (D:3)
  An ooze (D:1)
  2 orcs (D:3)
  7 bats
  A bat skeleton (D:4)
  3 hobgoblins
  4 jackals
  3 quokkas
  A ball python (D:3)
  A giant cockroach (D:3)
  2 giant newts
  6 goblins
  7 kobolds
  A quokka skeleton (D:4)
  4 rats
50 creatures vanquished.
